 Dungeon Crawl Stone Soup version bcrawl-1.21 (webtiles) character file.

Game seed: 1616428002510202289

32 Freyura the Cudgeler (level 3, -4/28 HPs)
             Began as a Demonspawn Gladiator on Feb 8, 2020.
             Killed from afar by Sigmund (7 damage)
             ... with a puff of flame
             ... on level 2 of the Dungeon.
             The game lasted 00:02:37 (1065 turns).

Freyura the Cudgeler (Demonspawn Gladiator)         Turns: 1065, Time: 00:02:38

Health: -4/28      AC:  7    Str: 14    XL:     3   Next: 8%
Magic:  0/3        EV: 17    Int:  9    God:
Gold:   133        SH:  0    Dex: 20    Spells: 2/2 levels left

rFire    . . .     SeeInvis .   a - +0 flail
rCold    + . .     Gourm    .   (no shield)
rNeg     . . .     Faith    .   o - +0 scale mail
rPois    .         Spirit   +   c - +0 helmet
rElec    .         Reflect  .   (no cloak)
rCorr    .         Harm     .   (no gloves)
MR       .....                  (no boots)
Stlth    ++........             (no amulet)
HPRegen  0.09/turn              i - ring of protection from cold
MPRegen  0.08/turn              (no ring)

@: agile
A: magic shield, sturdy frame 1
a: no special abilities


You were on level 2 of the Dungeon.
You were hungry.

You visited 1 branch of the dungeon, and saw 2 of its levels.

You collected 133 gold pieces.

Inventory:

Hand Weapons
 a - a +0 flail (weapon)
Missiles
 d - 3 throwing nets (quivered) {!f}
Armour
 b - a +0 leather armour
 c - a +0 helmet (worn)
 h - a +0 ring mail
 k - a cursed +0 chain mail
 o - a +0 scale mail (worn)
Jewellery
 i - a ring of protection from cold (left hand)
Wands
 p - a wand of random effects (4)
Scrolls
 g - 2 scrolls of teleportation {unknown}
 l - a scroll of fog {unknown}
 m - 4 scrolls of identify {unknown}
Potions
 f - a potion of agility
 j - a potion of invisibility {unknown}
 n - a potion of haste {unknown}
Comestibles
 e - 2 rations {!d}


   Skills:
 + Level 2.4 Fighting
 * Level 3.2 Maces & Flails
 - Level 1.7 Throwing
 + Level 0.8 Armour
 + Level 2.9 Dodging


You had 2 spell levels left.
You didn't know any spells.
Your spell library was empty.

Dungeon Overview and Level Annotations

Branches:
Dungeon (2/12)

Altars:

Annotations:
D:2 Sigmund


Innate Abilities, Weirdness & Mutations

When hurt, damage is shared between your health and your magic reserves.
Your movements are slightly less encumbered by armour. (ER -2)


Message History

The goblin closely misses you.
You hit the goblin but do no damage. Something closely misses you.
The goblin hits you.
Your scale mail prevents you from hitting the goblin.
The goblin hits you but does no damage. Something hits you.
You hit the goblin but do no damage. The goblin completely misses you.
Something barely misses you.
You hit the goblin.
The goblin is moderately wounded.
The goblin hits you. The goblin misses you.
You hit the goblin.
You kill the goblin!
Something hits you!
* * * LOW HITPOINT WARNING * * *
You see here a goblin corpse.
You miss something.
You hear some strange, mumbled words.
A puff of flame appears from out of thin air!
The puff of flame hits you!
You die...

########## #........#
.w.......# g#.w.....#
#..(....################
#...........w..@........
#.........##############
#.......#..#
.........##.##
####.######..# .....
##.## ..####. #..# .. #
##.## .. #..#


You could see a worm.

Vanquished Creatures
  4 giant cockroaches (D:1)
  4 goblins
  8 hobgoblins (D:1)
  2 jackals (D:1)
  2 kobolds (D:1)
  3 bats (D:1)
  2 frilled lizards
  A rat (D:1)
26 creatures vanquished.

Notes
Turn   | Place    | Note
-------+----------+-------------------------------------------
     0 | D:1      | Freyura the Demonspawn Gladiator began the quest for the
                  | Orb.
     0 | D:1      | Reached XP level 1. HP: 16/16 MP: 1/1
   206 | D:1      | Gained mutation: Your movements are slightly less
                  | encumbered by armour. (ER -2) [demonic ancestry]
   206 | D:1      | Reached XP level 2. HP: 16/22 MP: 2/2
   219 | D:1      | Reached skill level 3 in Maces & Flails
   613 | D:1      | Gained mutation: When hurt, damage is shared between your
                  | health and your magic reserves. [demonic ancestry]
   613 | D:1      | Reached XP level 3. HP: 28/28 MP: 3/3
  1035 | D:2      | Noticed Sigmund
  1065 | D:2      | Killed from afar by Sigmund

Skill      XL: |  1  2 |
---------------+-------+-----
Maces & Flails | 3 |  3.2
Fighting       | |  2.4
Throwing       | |  1.7
Armour         | |  0.8
Dodging        | |  2.9

Action                   || total
-------------------------++-------
Melee: Flail             ||    95
  Use: Potion            ||     1
 Stab: Sleeping          ||     1
Armor: Leather armour    ||    23
       Ring mail         ||     7
       Scale mail        ||     3
Dodge: Dodged            ||    91
